 Dungeon Crawl Stone Soup version 0.30.1-11-g7821555f0a (webtiles) character file.

Game seed: 14904919915326915134

2 CaptainMV the Grasshopper (level 1, -2/19 HPs)
             Began as a Naga Wanderer on Jan 16, 2024.
             Frozen to death by an endoplasm (5 damage)
             ... on level 1 of the Dungeon.
             The game lasted 00:01:16 (30 turns).

CaptainMV the Grasshopper (Naga Wanderer)             Turns: 30, Time: 00:01:17

Health: -2/19      AC:  1    Str: 15    XL:     1   Next: 30%
Magic:  2/2        EV:  8    Int: 14    God:
Gold:   0          SH:  0    Dex:  7    Spells: 1/2 levels left

rFire   . . .        a - +0 hand axe
rCold   . . .        (no shield)
rNeg    . . .        d - +0 leather armour
rPois   +            (no helmet)
rElec   .            (no cloak)
rCorr   .            (no gloves)
SInv    +            (no barding)
Will    .....        (no amulet)
Stlth   +            (no ring)
HPRegen 0.23/turn    (no ring)
MPRegen 0.08/turn

%: no passive effects
@: very slow
A: AC +0, large, see invisible, deformed body, poison resistance, slowness 2,
spit poison 1, naga tail 1
a: Spit Poison


You were on level 1 of the Dungeon.
You visited 1 branch of the dungeon, and saw 1 of its levels.

Inventory:

Hand Weapons
 a - a +0 hand axe (weapon)
Armour
 d - a +0 leather armour (worn)
Wands
 b - a wand of flame (7)
Scrolls
 c - a scroll of fog


   Skills:
 + Level 2.0 Fighting
 + Level 1.0 Axes
 + Level 1.0 Throwing
 + Level 1.0 Spellcasting
 + Level 3.1 Translocations
 + Level 2.0 Evocations


You had one spell level left.
You knew the following spells:

 Your Spells              Type           Power      Damage    Failure   Level
a - Apportation           Tloc           18%        N/A       9%          1

Your spell library contained the following spells:

 Spells                   Type           Power      Damage    Failure   Level
 Vhi's Electric Charge    Tloc/Air       10%        N/A       45%         3
 Volatile Blastmotes      Fire/Tloc      10%        2d10      45%         3


Dungeon Overview and Level Annotations

Branches:
Dungeon (1/15)

Altars:


Innate Abilities, Weirdness & Mutations

Your serpentine skin is tough. (AC +0)
You have supernaturally acute eyesight. (SInv)
Armour fits poorly on your strangely shaped body.
Your system is resistant to poisons. (rPois)
You cover ground very slowly.
You can spit poison.
You have a snake-like lower body.


Message History

An endoplasm comes into view.
You hit the kobold but do no damage. The kobold hits you with a +0 dagger.
The rat barely misses your rat. The kobold hits you but does no damage.
You hit the kobold but do no damage.
Your rat bites the kobold.
The kobold hits you with a +0 dagger. The rat closely misses your rat.
You completely miss the kobold.
The kobold is heavily wounded.
Your rat dissolves into shadows!
Your rat closely misses the kobold.
The kobold hits you with a +0 dagger. The rat misses your rat.
Your rat barely misses the kobold.
You barely miss the kobold.
The kobold is heavily wounded.
The kobold hits you with a +0 dagger. The rat misses your rat.
The endoplasm closely misses your rat.
Your rat bites the kobold.
The kobold dies!
Aiming: Spit Poison (3% risk of failure)
Press: ? - help, Shift-Dir - straight line, f - rat
Aim: a rat (53% to hit)
The splash of poison misses the rat.
The endoplasm closely misses your rat.
Your rat bites the endoplasm.
You closely miss the rat. The rat barely misses you.
The endoplasm hits your rat.
Your rat dies!
Your rat's corpse dissolves into shadows!
The rat bites you but does no damage.
You hit the rat.
You kill the rat!
You hit the endoplasm. The endoplasm hits you.
* * * LOW HITPOINT WARNING * * *
The endoplasm closely misses you.
You see here a +0 dagger.
You hit the endoplasm but do no damage.
The endoplasm is heavily wounded.
You have got your breath back.
Your kobold hits the endoplasm with a +0 whip.
The endoplasm hits you.
* * * LOW HITPOINT WARNING * * *
The endoplasm freezes you.
You are frozen.
You die...

. ##### .# ####
....##.##
....#........
####..#..[.#..#
...............
#.. #@J..#
###..##K#.###.#
#.....)........
...##'''''##...
###.......###.
#...........#
#...........#
######'''#######
o#[..........#g#


You could see an endoplasm (ally target) and a friendly kobold (summoned).

Vanquished Creatures
  A rat (D:1)
1 creature vanquished.

Vanquished Creatures (collateral kills)
  A kobold (D:1)
1 creature vanquished.

Grand Total: 2 creatures vanquished

Notes
Turn   | Place    | Note
-------+----------+-------------------------------------------
     0 | D:1      | CaptainMV the Naga Wanderer began the quest for the Orb.
     0 | D:1      | CaptainMV set off with the following items: a +0 hand axe,
                  | a wand of flame (7), a scroll of fog, a +0 leather armour;
                  | and the following spell memorised: Apportation; and the
                  | following spells available to memorise: Vhi's Electric
                  | Charge, Volatile Blastmotes.
     0 | D:1      | Reached XP level 1. HP: 19/19 MP: 2/2
    30 | D:1      | Frozen to death by an endoplasm

Illustrated notes

Levels and vault maps discovered:
D:1:      lordsloth_arrival_two_stooges, layout_loops_ring,
          hellmonk_ecumenical_altar_slurped_away, serial_shops,
          nicolae_shop_hallway_plus, minmay_heptomino_h4

Action                     || total
---------------------------++-------
  Melee: Hand axe          ||     8
   Cast: Apportation       ||     2
Ability: Spit Poison       ||     1
    Use: Scroll            ||     1
 Armour: Leather armour    ||     2
  Dodge: Dodged            ||     2
